 Dungeon Crawl Stone Soup version 0.18-a0-1624-g19ad93e (webtiles) character file.

825 Oddball22 the Caller (level 7, -4/36 HPs)
             Began as a Deep Elf Summoner on Mar 24, 2016.
             Was a Follower of Sif Muna.
             Slain by an ice beast (13 damage)
             ... on level 7 of the Dungeon.
             The game lasted 00:19:13 (6948 turns).

Oddball22 the Caller (Deep Elf Summoner)            Turns: 6948, Time: 00:19:14

Health: -4/36      AC:  5    Str:  5      XL:     7   Next: 64%
Magic:  22/25      EV: 14    Int: 17 (18) God:    Sif Muna [*.....]
Gold:   418        SH:  0    Dex: 11 (15) Spells: 5 memorised, 2 levels left

rFire  . . .     SeeInvis .     w - +1 long sword (holy)
rCold  . . .     Gourm    .     a - +0 robe
rNeg   . . .     Faith    .     (no shield)
rPois  .         Spirit   .     (no helmet)
rElec  +         Dismiss  .     p - +1 cloak
rCorr  +         Reflect  .     (no gloves)
SustAt .         Harm     .     l - +0 pair of boots
MR     .....                    (no amulet)
Stlth  ++........               E - ring of magical power
                                C - ring of resist corrosion

@: not resistant to hostile enchantments, unstealthy
A: dopey 2, regeneration 1, electricity resistance
a: Channel Energy, Renounce Religion


You were on level 7 of the Dungeon.
You worshipped Sif Muna.
Sif Muna was aware of your devotion.
You were not hungry.

You visited 2 branches of the dungeon, and saw 8 of its levels.

You collected 418 gold pieces.

Inventory:

Hand Weapons
 w - a +1 long sword of holy wrath (weapon)
Missiles
 z - 8 needles of sleeping
Armour
 a - a +0 robe (worn)
 l - a +0 pair of boots (worn)
 p - a +1 cloak (worn)
Jewellery
 C - a ring of resist corrosion (left hand)
 E - a ring of magical power (right hand)
Wands
 A - a wand of flame (17/48)
 D - a wand of slowing (39/48)
 L - a wand of flame (31/48)
Scrolls
 f - 9 scrolls of identify {unknown}
 i - a scroll of random uselessness {unknown}
 n - 4 scrolls of remove curse {unknown}
 o - a scroll of enchant weapon {unknown}
 s - 6 scrolls of immolation {unknown}
 t - 2 scrolls of noise {unknown}
 u - 2 scrolls of teleportation {unknown}
 y - a scroll of recharging {unknown}
 B - a scroll of enchant armour {unknown}
 H - a scroll of magic mapping {unknown}
 I - a scroll of amnesia {unknown}
Potions
 e - a potion of invisibility
 m - 2 potions of curing
 q - 2 potions of cancellation
Books
 b - a book of Callings

   Spells                             Type                      Level
   a - Summon Small Mammal            Summoning                    1
   b - Call Imp                       Summoning                    2
   c - Call Canine Familiar           Summoning                    3
   d - Summon Guardian Golem          Hexes/Summoning              3
   e - Summon Lightning Spire         Summoning/Air                4
   f - Summon Ice Beast               Ice/Summoning                4
 x - a book of Annihilations

   Spells                             Type                      Level
   a - Poison Arrow                   Conjuration/Poison           6
   b - Chain Lightning                Conjuration/Air              8
   c - Lehudib's Crystal Spear        Conjuration/Earth            8
   d - Glaciate                       Conjuration/Ice              9
   e - Fire Storm                     Conjuration/Fire             9
Comestibles
 c - 5 bread rations
 d - 8 chunks of flesh
 g - a beef jerky
 h - 4 meat rations
 F - 9 fruits


   Skills:
 + Level 5.4 Dodging
 - Level 2.4 Stealth
 + Level 4.9 Spellcasting
 + Level 3.8 Hexes
 * Level 7.6 Summonings
 + Level 2.2 Air Magic


You had 2 spell levels left.
You knew the following spells:

 Your Spells              Type           Power        Failure   Level  Hunger
a - Summon Small Mammal   Summ           ####         1%          1    None
b - Call Imp              Summ           ####....     1%          2    #......
c - Call Canine Familiar  Summ           ####....     1%          3    ###....
d - Summon Guardian Gole  Hex/Summ       ###.....     6%          3    ###....
e - Summon Lightning Spi  Summ/Air       ###.....     21%         4    ####...


Dungeon Overview and Level Annotations

Branches:
Dungeon (7/15)             Temple (1/1) D:5

Altars:
Cheibriados
Elyvilon
Fedhas
Gozag
Makhleb
Nemelex Xobeh
Okawaru
Pakellas
Qazlal
Ru
Sif Muna
Trog
Vehumet
The Shining One

Shops:
D:4 *   D:6 }


Innate Abilities, Weirdness & Mutations

You are very dopey. (Int -4)
Your natural rate of healing is unusually fast.
You are resistant to electric shocks.


Message History

You closely miss the ice beast.
The ice beast is moderately wounded.
The ice beast hits you. The ice beast freezes you! The ice beast hits you.
The ice beast freezes you!
You barely miss the ice beast.
The ice beast is moderately wounded.
Your lightning spire shoots out a bolt of lightning at the ice beast!
The bolt of electricity hits the ice beast. x2
The bolt of electricity hits your lightning spire.
Your lightning spire completely resists.
The bolt of electricity hits your lightning spire.
Your lightning spire completely resists.
The ice beast hits your lightning spire but does no damage.
You catch the helpless ice beast momentarily off-guard.
You hit the ice beast.
The ice beast is almost dead.
The ice beast hits you.
* * * LOW HITPOINT WARNING * * *
The ice beast freezes you!
You die...

### #@##
#8Y#h##
#....##.#####
#....# #..##.#
#...# ##.#.##
#....#####..##
#..........#.##
..........###.#
...#####.# ###


You could see an ice beast, a friendly lightning spire and a friendly hound.

Vanquished Creatures
  Duvessa (D:7)
  A giant frog (D:6)
  A howler monkey (D:5)
  A crimson imp (D:5)
  A centaur zombie (D:5)
  A quasit (D:6)
  A centaur skeleton (D:6)
  2 giant frog skeletons
  An iron imp (D:6)
  A worker ant (D:6)
  2 gnolls (D:5)
  3 adders (D:7)
  A howler monkey skeleton (D:5)
  2 giant geckos
  2 orcs
  A giant cockroach (D:4)
  A goblin (D:3)
  A hobgoblin (D:3)
  3 jackals
  2 quokkas
  4 bats
  2 giant newts
  2 rats
37 creatures vanquished.

Vanquished Creatures (collateral kills)
  An ogre (D:6)
  A centaur (D:7)
  Dowan (D:7)
  A gnoll sergeant (D:5)
  A crimson imp (D:7)
  A hound (D:5)
  An iguana (D:7)
  2 worker ants
  Ijyb (D:3)
  A hound skeleton (D:7)
  4 gnolls
  10 adders
  A shadow imp (D:6)
  4 worms
  2 giant geckos
  12 orcs
  8 bats
  A giant cockroach (D:2)
  4 goblins
  6 hobgoblins
  7 jackals
  A quokka (D:3)
  A ball python skeleton (D:4)
  2 giant newts
  4 kobolds
  9 rats
87 creatures vanquished.

Grand Total: 124 creatures vanquished

Notes
Turn   | Place    | Note
--------------------------------------------------------------
     0 | D:1      | Oddball22 the Deep Elf Summoner began the quest for the Orb.
     0 | D:1      | Reached XP level 1. HP: 10/10 MP: 6/6
   308 | D:1      | Reached XP level 2. HP: 13/15 MP: 6/8
   367 | D:1      | Learned a level 2 spell: Call Imp
  1216 | D:2      | Found a glowing golden altar of the Shining One.
  1255 | D:2      | Reached XP level 3. HP: 15/19 MP: 3/10
  1259 | D:2      | Reached skill level 5 in Summonings
  1317 | D:2      | Learned a level 3 spell: Call Canine Familiar
  1325 | D:2      | Learned a level 3 spell: Summon Guardian Golem
  2497 | D:3      | Reached XP level 4. HP: 24/24 MP: 5/11
  2529 | D:3      | Found a sacrificial altar of Ru.
  2654 | D:3      | Noticed Ijyb
  2667 | D:3      | Killed Ijyb
  3105 | D:4      | Found Nyaciurr's General Store.
  3174 | D:4      | Found a bloodstained altar of Trog.
  3591 | D:5      | Entered Level 5 of the Dungeon
  3700 | D:5      | Found a staircase to the Ecumenical Temple.
  3710 | Temple   | Entered the Ecumenical Temple
  3774 | Temple   | Became a worshipper of Sif Muna the Loreminder
  3923 | D:5      | Reached XP level 5. HP: 26/28 MP: 13/13
  3996 | D:5      | Reached skill level 1 in Hexes
  3996 | D:5      | Reached skill level 6 in Summonings
  4274 | D:5      | Reached XP level 6. HP: 29/32 MP: 15/15
  4348 | D:5      | Learned a level 4 spell: Summon Lightning Spire
  4462 | D:5      | Found a blossoming altar of Fedhas.
  4653 | D:5      | Found a blossoming altar of Fedhas.
  4801 | D:6      | Found a stormy altar of Qazlal.
  4801 | D:6      | Noticed a water elemental
  4805 | D:6      | Noticed an air elemental
  4811 | D:6      | Noticed a fire elemental
  4841 | D:6      | Reached skill level 1 in Air Magic
  5162 | D:6      | Found an oddly glowing altar of Pakellas.
  5162 | D:6      | Found Pakellas's Prime Provisions.
  5635 | D:6      | Reached * piety under Sif Muna
  5803 | D:6      | Reached skill level 7 in Summonings
  5892 | D:6      | Found a snail-covered altar of Cheibriados.
  5904 | D:6      | Reached XP level 7. HP: 13/36 MP: 16/16
  6207 | D:6      | Found a glowing golden altar of the Shining One.
  6248 | D:6      | Reached skill level 5 in Dodging
  6400 | D:7      | Noticed Duvessa
  6406 | D:7      | Noticed Dowan
  6410 | D:7      | Killed Duvessa
  6414 | D:7      | Gained mutation: You are agile. (Dex +2) [potion of mutation]
  6414 | D:7      | Gained mutation: You are dopey. (Int -2) [potion of mutation]
  6414 | D:7      | Gained mutation: You are weak. (Str -2) [potion of mutation]
  6419 | D:7      | Killed Dowan
  6439 | D:7      | Gained mutation: Your natural rate of healing is unusually fast. [potion of mutation]
  6439 | D:7      | Gained mutation: You are very dopey. (Int -4) [potion of mutation]
  6439 | D:7      | Gained mutation: You are very weak. (Str -4) [potion of mutation]
  6440 | D:7      | Gained mutation: You are frail (-10% HP). [potion of mutation]
  6440 | D:7      | Gained mutation: You are resistant to electric shocks. [potion of mutation]
  6440 | D:7      | Gained mutation: Your magical capacity is low (-10% MP). [potion of mutation]
  6441 | D:7      | Lost mutation: You are agile. (Dex +2) [potion of cure mutation]
  6441 | D:7      | Lost mutation: You are frail (-10% HP). [potion of cure mutation]
  6441 | D:7      | Lost mutation: You are very weak. (Str -4) [potion of cure mutation]
  6441 | D:7      | Lost mutation: Your magical capacity is low (-10% MP). [potion of cure mutation]
  6441 | D:7      | Lost mutation: You are weak. (Str -2) [potion of cure mutation]
  6948 | D:7      | Slain by an ice beast

Vault maps used:
D:1:      elethiomel_arrival_diamonds
D:2:      first_bread, minmay_door_square, tso_metal_star
D:3:      nicolae_ru_path_of_blood, kennysheep_path_1, uniq_iyjb
D:4:      serial_shops, shop, trog_book
D:5:      nicolae_overflow_crystal_walls, minmay_temple_entry_mist,
          serial_bayou, serial_bayou_lagoon_a, serial_bayou_shore_b,
          serial_bayou_pond_e, serial_bayou_ford_a, fedhas_altar_fruit_tree
D:6:      slow_altar_2, lemuel_coloured_pillars_altar, johnstein_pakellas_shop,
          hangedman_abyss_or_decor_stagger, nicolae_qazlal_style_of_elements
D:7:      uniq_duvessa
Temple:   jpeg_temple_clearing_9

Skill      XL: |  1  2  3  4  5  6  7 |
---------------+----------------------+-----
Summonings     | 5 6 7 |  7.6
Dodging        | 3 4 5 |  5.4
Spellcasting   | 4 |  4.9
Hexes          | 1 2 3 |  3.8
Air Magic      | 1 2 |  2.2
Stealth        | |  2.4

Action                   |  1- 3 |  4- 6 |  7- 9 || total
-------------------------+-------+-------+-------++-------
Melee: Unarmed           |    83 |       |       ||    83
       Long sword        |    25 |   130 |    34 ||   189
 Cast: Summon Small Mamm |    25 |     1 |       ||    26
       Call Imp          |     5 |     3 |       ||     8
       Call Canine Famil |    10 |    20 |     6 ||    36
       Summon Lightning  |       |     4 |     7 ||    11
  Use: Potion            |       |       |    15 ||    15
 Stab: Sleeping          |     1 |     2 |     1 ||     4
       Distracted        |       |     2 |     1 ||     3
  Eat: Chunk             |     6 |    12 |     5 ||    23
